 Dungeon Crawl Stone Soup version 0.25-a0-523-g9afb2ee040 (webtiles) character file.

Game seed: 13814814904285791405, levelgen mode: classic

1015 EnegeticOcto the Chopper (level 8, 74/74 HPs)
             Began as a Deep Dwarf Fighter on Feb 18, 2020.
             Quit the game in the Ecumenical Temple.
             The game lasted 00:01:43 (1654 turns).

EnegeticOcto the Chopper (Deep Dwarf Fighter)       Turns: 1654, Time: 00:01:43

Health: 74/74      AC: 12    Str: 22    XL:     8   Next: 1%
Magic:  6/6        EV:  7    Int:  9    God:
Gold:   72         SH: 10    Dex: 12    Spells: 7/7 levels left

rFire    . . .     SeeInvis .   a - +1 war axe
rCold    . . .     Gourm    .   c - +0 kite shield
rNeg     . . .     Faith    .   o - +0 chain mail
rPois    .         Spirit   .   f - +1 helmet
rElec    .         Reflect  .   (no cloak)
rCorr    .         Harm     .   (no gloves)
MR       +....                  (no boots)
Stlth    ..........             (no amulet)
HPRegen  0.00/turn              (no ring)
MPRegen  0.10/turn              (no ring)

@: non-regenerating
A: damage resistance, heal wounds, sense surroundings 1, no regeneration
a: Heal Wounds


You were in the Ecumenical Temple.
You were not hungry.

You visited 2 branches of the dungeon, and saw 6 of its levels.

You collected 72 gold pieces.

Inventory:

Hand Weapons
 a - a +1 war axe (weapon)
Armour
 c - a +0 kite shield (worn)
 f - a +1 helmet (worn)
 o - a +0 chain mail (worn)
Scrolls
 h - a scroll of fog
 i - a scroll of identify {@r1}
Potions
 d - a potion of degeneration {unknown}
 g - 2 potions of lignification {@q7}
 j - a potion of magic
 k - a potion of might {@q3}
 l - a potion of stabbing {unknown}
Comestibles
 e - 5 rations


   Skills:
 * Level 5.3 Fighting
 * Level 5.8 Axes
 + Level 5.0 Armour
 + Level 3.4 Dodging
 + Level 5.0 Shields


You had 7 spell levels left.
You didn't know any spells.
Your spell library was empty.

Dungeon Overview and Level Annotations

Branches:
Dungeon (5/15)             Temple (1/1) D:5

Altars:
Ashenzari
Dithmenos
Elyvilon
Gozag
Hepliaklqana
Qazlal
Sif Muna
Uskayaw
Wu Jian
Xom
Yredelemnul
Zin
The Shining One

Shops:
D:4 (


Innate Abilities, Weirdness & Mutations

You are resistant to damage.
You can heal yourself by infusing magical energy.
You passively map a small area around you.
You do not regenerate.


Message History

No target in view!
No target in view!
No target in view!
You butcher the adder corpse.
b - 3 chunks of flesh (gained 2)
You see here an adder skeleton. x2
Found a stone staircase leading down.
You now have 62 gold pieces (gained 8).
Found a robe.
No target in view!
No target in view!
No target in view!
No target in view!
No target in view!
No target in view!
No target in view!
No target in view!
No target in view!
No target in view!
No target in view!
You see here a robe.
Eating one of 3 chunks of flesh.
You eat one of the 3 chunks of flesh.
This raw flesh tastes terrible.
You open the door.
There is an open door here.
You now have 72 gold pieces (gained 10).
h - a scroll of fog You open the door.
There is an open door here.
Found a hazy altar of Hepliaklqana.
i - a scroll of identify {@r1} An adder comes into view.
The adder hisses angrily.
An adder is nearby!
An adder is nearby!
An adder is nearby!
You miss the adder. You block the adder's attack. x2
You barely miss the adder. You block the adder's attack.
The adder bites you but does no damage.
You barely miss the adder. You block the adder's attack.
You closely miss the adder.
The adder bites you but does no damage. x2
You hit the adder.
The adder is lightly wounded.
You block the adder's attack. x2
You slash the adder!
You kill the adder!
No target in view!
No target in view!
No target in view!
No target in view!
You butcher the adder corpse.
b - 4 chunks of flesh (gained 2)
You see here an adder skeleton. x2
Found a stone staircase leading down.
You open the door.
An ogre comes into view. It is wielding a +0 giant club.
An ogre is nearby!
An ogre is nearby!
There is an open door here.
You hit the ogre but do no damage. The ogre closely misses you.
Your chain mail prevents you from hitting the ogre.
The ogre closely misses you.
You hit the ogre but do no damage. You block the ogre's attack.
Your shield and chain mail prevent you from hitting the ogre.
The ogre barely misses you.
You slash the ogre!
The ogre is moderately wounded.
The ogre barely misses you.
You slash the ogre!
The ogre is severely wounded.
The ogre barely misses you.
You slash the ogre!
You kill the ogre!
Your Armour skill increases to level 5!
Your Shields skill increases to level 5!
You have reached level 8!
You feel stronger.
No target in view!
No target in view!
Found a staircase to the Ecumenical Temple.
Found an escape hatch in the floor.
Found a long smoking staff.
There is a staircase to the Ecumenical Temple here.
You climb downwards.
Welcome to the Ecumenical Temple!
There is a staircase back to the Dungeon here.
Some of the chunks of flesh in your inventory have rotted away.
You open the gate.
Found a basalt altar of Yredelemnul.
Found a glowing golden altar of the Shining One.
There is an open gate here.
Found an opulent altar of Gozag and a hide-covered altar of Uskayaw.
Found a shimmering blue altar of Sif Muna and a glowing silver altar of Zin.
Found an ornate altar of the Wu Jian Council and a shadowy altar of Dithmenos.
Found a white marble altar of Elyvilon and a stormy altar of Qazlal.
There is an open gate here.
Done exploring.
All of the chunks of flesh in your inventory have rotted away.
Search for what [Enter for "cha", or ? for help]? mak Can't find anything matching that.
Are you sure you want to abandon this character and quit the game? (Confirm with "yes".)

♣........♣P.............
♣...........############
♣...........#...........
♣.....♣.....#..._..._...
♣...........#...........
♣....P......#...........
♣.......♣...#......⌠....
♣..♣........#...........
♣......@....#...........
♣...........#..._..._...
♣......♣....#...........
♣...........############
♣....♣..................
♣..............♣........
♣........♣............♣.
♣.......................
♣♣♣♣♣♣♣♣♣♣♣♣♣♣♣♣♣♣♣♣♣♣♣♣


There were no monsters in sight!

Vanquished Creatures
  Sigmund (D:4)
  Duvessa (D:4)
  2 phantoms
  An ogre (D:5)
  Dowan (D:4)
  A scorpion (D:5)
  A howler monkey (D:4)
  2 hounds
  An orc priest (D:4)
  A bullfrog skeleton (D:4)
  An iguana (D:4)
  2 orc wizards (D:4)
  2 worker ants (D:4)
  4 adders
  3 worms
  3 dart slugs
  2 leopard geckos (D:4)
  6 orcs
  3 giant cockroaches
  A goblin (D:2)
  2 hobgoblins
  7 jackals
  2 quokkas
  3 bats (D:3)
  2 frilled lizards (D:3)
  6 kobolds
  2 rats
63 creatures vanquished.

Notes
Turn   | Place    | Note
-------+----------+-------------------------------------------
     0 | D:1      | EnegeticOcto the Deep Dwarf Fighter began the quest for the
                  | Orb.
     0 | D:1      | Reached XP level 1. HP: 20/20 MP: 1/1
    70 | D:2      | Reached XP level 2. HP: 20/27 MP: 2/2
   167 | D:2      | Found a shadowy altar of Dithmenos.
   202 | D:3      | Reached XP level 3. HP: 34/34 MP: 3/3
   224 | D:3      | Reached skill level 1 in Dodging
   288 | D:3      | Reached XP level 4. HP: 40/42 MP: 4/4
   561 | D:3      | Found a shimmering altar of Xom.
   561 | D:3      | Found a shimmering altar of Xom.
   562 | D:3      | Found a shimmering altar of Xom.
   571 | D:3      | You fall into a shaft and drop 1 floor!
   579 | D:4      | Noticed Sigmund
   587 | D:4      | Reached XP level 5. HP: 21/50 MP: 5/5
   667 | D:4      | Killed Sigmund
   667 | D:4      | Reached XP level 6. HP: 48/57 MP: 4/4
   718 | D:4      | Noticed Duvessa
   721 | D:4      | Noticed Dowan
   731 | D:4      | Killed Duvessa
   731 | D:4      | Reached XP level 7. HP: 41/66 MP: 5/5
   767 | D:4      | Killed Dowan
   781 | D:4      | Reached skill level 5 in Axes
   927 | D:4      | Found a shattered altar of Ashenzari.
  1001 | D:4      | Found Ciuk's Weapon Shoppe.
  1185 | D:5      | Entered Level 5 of the Dungeon
  1198 | D:5      | Reached skill level 5 in Fighting
  1413 | D:5      | Found a hazy altar of Hepliaklqana.
  1475 | D:5      | Reached skill level 5 in Armour
  1475 | D:5      | Reached skill level 5 in Shields
  1475 | D:5      | Reached XP level 8. HP: 74/74 MP: 6/6
  1477 | D:5      | Found a staircase to the Ecumenical Temple.
  1486 | Temple   | Entered the Ecumenical Temple
  1654 | Temple   | Quit the game

Levels and vault maps discovered:
D:1:      heliophobic_arrival_henge, layout_basic, hex_tiny
D:2:      layout_loops_ring, nicolae_overflow_hidden_temple,
          nicolae_dithmenos_through_a_glass_darkly
D:3:      layout_rooms, xom_redecorated, serial_corexii_hall,
          chequers_hall_statues_wall_a, corexii_hall_statues_u,
          chequers_hall_statues_y, kennysheep_decorative_pillar
D:4:      layout_rooms, ashenzari_altar_1, first_ration, serial_shops,
          shop_fountains, uniq_duvessa, uniq_sigmund
D:5:      layout_loops_corners, fedhas_altar_fruit_tree,
          nicolae_overflow_crystal_walls, minmay_temple_entry_slanted
Temple:   jpeg_temple_alley_garden

Skill      XL: |  1  2  3  4  5  6  7 |
---------------+----------------------+-----
Fighting       | 3 4 5 |  5.3
Axes           | 3 4 5 |  5.8
Dodging        | 1 2 3 |  3.4
Armour         | 4 5 |  5.0
Shields        | 4 5 |  5.0

Action                   |  1- 3 |  4- 6 |  7- 9 || total
-------------------------+-------+-------+-------++-------
Melee: War axe           |    72 |   131 |   106 ||   309
 Abil: Heal Wounds       |     2 |     8 |     4 ||    14
  Use: Scroll            |       |       |     5 ||     5
  Eat: Chunk             |       |       |     3 ||     3
Armor: Scale mail        |    35 |    61 |    16 ||   112
       Chain mail        |       |       |    27 ||    27
Dodge: Dodged            |    29 |    37 |    30 ||    96
Block: Kite shield       |    30 |    76 |    60 ||   166

Table legend:
 A = Non-vault XP
 B = Vault XP
 C = Vault XP percentage of total XP
 D = Non-vault monster count
 E = Vault monster count
 F = Vault count percentage of total count
                 A         B        C        D         E       F
            +---------+---------+-------+---------+---------+-------
      Total |     983 |     468 |  32.3 |      60 |       3 |   4.8
            +---------+---------+-------+---------+---------+-------
        D:2 |      39 |       0 |   0.0 |      12 |       0 |   0.0
        D:3 |      87 |       0 |   0.0 |      23 |       0 |   0.0
        D:4 |     483 |     468 |  49.2 |      19 |       3 |  13.6
        D:5 |     374 |       0 |   0.0 |       6 |       0 |   0.0
            +---------+---------+-------+---------+---------+-------
